 Dungeon Crawl Stone Soup version 0.27.1-34-g3ba077fa99 (webtiles) character file.

Game seed: 10482994201810476670

83077 iwittbrodt the Destroyer (level 15, -6/135 HPs)
             Began as a Grey Draconian Conjurer on Jan 17, 2022.
             Was a High Priest of Vehumet.
             Killed by divine providence
             ... invoked by Saint Roka
              (8 damage)
             ... on level 2 of the Orcish Mines on Jan 18, 2022.
             The game lasted 02:58:33 (35847 turns).

iwittbrodt the Destroyer (Grey Draconian Conjurer) Turns: 35847, Time: 02:58:33

Health: -6/135     AC: 25    Str: 17    XL:     15   Next: 31%
Magic:  2/39       EV: 10    Int: 25    God:    Vehumet [*****.]
Gold:   1240       SH: 11    Dex:  5    Spells: 5/37 levels left

rFire    + . .     SeeInvis .   x - +3 dagger (elec)
rCold    . . .     Faith    .   c - +0 kite shield
rNeg     . . .     Spirit   .   (armour unavailable)
rPois    .         Reflect  .   O - +2 hat "Aleimih" {Str+4}
rElec    +         Harm     .   n - +2 cloak
rCorr    +         Rampage  .   T - +2 pair of gloves
Will     +....                  Q - +2 pair of boots {Fly}
Stlth    ++........             i - amulet of regeneration
HPRegen  1.32/turn              v - ring of magical power
MPRegen  0.26/turn              e - ring "Zacu Wuw" {rElec rF+ rCorr Str+3 Dex-4}

@: flying, invisible
A: AC +14, amphibious, unfitting armour, cold-blooded
a: Renounce Religion


You were on level 2 of the Orcish Mines.
You worshipped Vehumet.
Vehumet was extremely pleased with you.
You visited 4 branches of the dungeon, and saw 22 of its levels.

You collected 1620 gold pieces.
You spent 380 gold pieces at shops.

Inventory:

Hand Weapons
 x - a +3 dagger of electrocution (weapon)
Missiles
 m - 47 poisoned darts
 r - 2 throwing nets
 K - 2 curare-tipped darts
Armour
 c - a +0 kite shield (worn)
 n - a +2 cloak (worn)
 H - a scarf of invisibility
 O - the +2 hat "Aleimih" (worn) {Str+4}
   (You found it on level 10 of the Dungeon)

   Str:       It affects your strength (+4).
 Q - a +2 pair of boots of flying (worn)
 T - a +2 pair of gloves (worn)
Jewellery
 b - a ring of protection from fire
 e - the ring "Zacu Wuw" (right hand) {rElec rF+ rCorr Str+3 Dex-4}
   (You found it on level 5 of the Lair of Beasts)

   [ring of protection from fire]

   Str:       It affects your strength (+3).
   Dex:       It affects your dexterity (-4).
   rF:        It protects you from fire.
   rElec:     It insulates you from electricity.
   rCorr:     It protects you from acid and corrosion.
 h - a +6 ring of dexterity
 i - an amulet of regeneration (around neck)
 v - a ring of magical power (left hand)
 y - a ring of see invisible
 G - a ring of poison resistance
Wands
 k - a wand of mindburst (39)
 l - a wand of acid (12)
 C - a wand of iceblast (17)
 M - a wand of charming (11)
 N - a wand of flame (80)
 R - a wand of polymorph (7)
Scrolls
 o - 3 scrolls of fear
 B - a scroll of silence
 D - a scroll of brand weapon
 E - a scroll of blinking
 P - 11 scrolls of teleportation
 U - 4 scrolls of identify
 V - a scroll of magic mapping
 W - a scroll of enchant weapon
Potions
 a - 4 potions of heal wounds
 d - a potion of invisibility
 f - 3 potions of flight
 g - a potion of haste
 j - a potion of magic
 p - a potion of resistance
 s - 7 potions of curing
 u - 2 potions of cancellation
 w - a potion of ambrosia
 z - a potion of might
 A - 6 potions of lignification
 F - 3 potions of brilliance
 I - 4 potions of mutation
Miscellaneous
 J - a piece from Xom's chessboard (15/15)
 S - a box of beasts


   Skills:
 + Level 13.0 Fighting
 - Level 2.6 Dodging
 - Level 2.4 Stealth
 + Level 10.3 Shields
 + Level 11.5 Spellcasting
 - Level 13.2 Conjurations
 - Level 4.0 Hexes
 - Level 5.0 Translocations
 * Level 9.8 Fire Magic
 - Level 5.0 Earth Magic
 - Level 5.0 Poison Magic
 - Level 4.0 Evocations


You had 5 spell levels left.
You knew the following spells:

 Your Spells              Type           Power      Damage    Failure   Level
a - Magic Dart            Conj           100%       1d8       1%          1
b - Searing Ray           Conj           100%       3d7       1%          2
c - Fulminant Prism       Conj/Hex       27%        3d14      1%          4
d - Iskenderun's Mystic   Conj/Tloc      56%        2d12      1%          4
e - Bolt of Magma         Conj/Fire/Erth 28%        4d13      1%          5
f - Fireball              Conj/Fire      32%        3d14      1%          5
g - Mephitic Cloud        Conj/Pois/Air  44%        N/A       1%          3
h - Olgreb's Toxic Radia  Pois           39%        N/A       2%          4
i - Hailstorm             Conj/Ice       47%        3d11      1%          4

Your spell library contained the following spells:

 Spells                   Type           Power      Damage    Failure   Level
 Spellforged Servitor     Conj/Summ      23%        N/A       69%         7
 Foxfire                  Conj/Fire      100%       2x1d9     1%          1
 Dazzling Flash           Conj/Hex       100%       N/A       1%          3
 Freeze                   Ice            56%        1d7       2%          1
 Gell's Gravitas          Tloc           19%        N/A       3%          3
 Teleport Other           Tloc           39%        N/A       3%          3
 Animate Skeleton         Necr           28%        N/A       8%          1
 Beastly Appendage        Tmut           28%        N/A       8%          1
 Pain                     Necr           56%        1d6       8%          1
 Spider Form              Tmut/Pois      13%        N/A       9%          3
 Call Imp                 Summ           14%        N/A       12%         2
 Wereblood                Tmut           14%        N/A       12%         2
 Swiftness                Air            14%        N/A       22%         3
 Vampiric Draining        Necr           7%         2d7       22%         3
 Animate Dead             Necr           7%         N/A       58%         4
 Dispersal                Tloc           19%        N/A       83%         6
 Ignition                 Fire           29%        3d9       88%         8
 Haunt                    Necr/Summ      7%         N/A       100%        7
 Ozocubu's Refrigeration  Ice            7%         4d6       100%        7
 Infestation              Necr           7%         N/A       100%        8
 Chain Lightning          Conj/Air       23%        3d31      100%        9


Dungeon Overview and Level Annotations

Branches:
Dungeon (13/15)            Temple (1/1) D:5            Lair (6/6) D:11
 Shoals (0/4) Lair:4        Snake (0/4) Lair:2        Slime (0/5) Lair:6
    Orc (2/2) D:12
    Elf: Orc:2       Vaults: D:13-14

Altars:
Ashenzari
Cheibriados
Dithmenos
Elyvilon
Fedhas
Gozag
Hepliaklqana
Kikubaaqudgha
Makhleb
Nemelex Xobeh
Okawaru
Qazlal
Ru
Sif Muna
Trog
Uskayaw
Vehumet
Wu Jian
Xom
Yredelemnul
Zin
The Shining One

Shops:
D:4 !   D:7 *

Annotations:
D:3 Pikel
D:13 Kirke
Orc:2 Saint Roka


Innate Abilities, Weirdness & Mutations

Your dull iron-grey scales are very hard. (AC +14)
You are amphibious.
You cannot fit into any form of body armour.
You are cold-blooded and may be slowed by cold attacks.


Message History

Beogh smites you!
Unknown command.
Saint Roka calls down the wrath of Beogh upon you.
Beogh smites you!
Saint Roka says, "In the orcish mines, orcs kill the likes of YOU!"
Saint Roka hits you with a +0 battleaxe!
* * * LOW HITPOINT WARNING * * *
There is a stone staircase leading up, spattered with blood here.
Casting: Searing Ray (safe; 1% risk of failure)
Confirm with . or Enter, or press ? or * to list all spells.
Aiming: Searing Ray (safe; 1% risk of failure)
Press: ? - help, Shift-Dir - straight line, f/p - Saint Roka
Aim: Saint Roka, wielding a +0 battleaxe and wearing a +2 chain mail of willpower (severely wounded, 87% to hit)
The searing ray hits Saint Roka!
Saint Roka is almost dead. (Press . to maintain the ray.)
You block Saint Roka's attack.
Really quaff the potion of lignification?
Okay, then.
You hit Saint Roka but do no damage.
Saint Roka is almost dead.
You block Saint Roka's attack.
You hit Saint Roka but do no damage.
Saint Roka is almost dead.
Saint Roka hits you but does no damage.
You hit Saint Roka but do no damage. Lightning courses through Saint Roka!
Saint Roka is almost dead.
Saint Roka invokes the aid of Beogh against you.
Beogh smites you!
* * * LOW HITPOINT WARNING * * *
You block Saint Roka's attack.
You barely miss Saint Roka.
You tail-slap Saint Roka, but do no damage.
Saint Roka is almost dead.
Saint Roka hits you with a +0 battleaxe!!
* * * LOW HITPOINT WARNING * * *
You fade into invisibility!
Saint Roka invokes the aid of Beogh against you.
Beogh smites you!
You die...

##### ##.#.##
#.....# ##...##
#.o##.# #.@.#.#
#.[..#
#..).).))....
.......[.......
.........).....
......[#.......
.......###.....
....... .....
....... .....


You could see Saint Roka.

Vanquished Creatures
  A dire elephant (Lair:6)
  An ettin (Orc:1)
  A boulder beetle (Lair:3)
  12 hydras
  5 two-headed ogres
  3 catoblepae
  6 death yaks (Lair:4)
  Urug (Orc:2)
  Nergalle (Lair:3)
  The ghost of Lutefisk the Geomancer, a novice GrEE of Fedhas (Lair:2)
  A deep elf zephyrmancer (D:10)
  4 orc knights
  3 manticores (D:12)
  2 deep elf pyromancers
  An orc sorcerer (D:13)
  An ugly thing (D:12)
  2 cyclopes
  16 elephants
  A merfolk siren (Lair:4)
  5 black mambas
  20 cane toads
  A gargoyle (D:10)
  An unseen horror (D:11)
  A kobold demonologist (D:10)
  6 rime drakes
  9 komodo dragons
  6 trolls
  12 polar bears
  6 hornets
  23 blink frogs
  Prince Ribbit (D:6)
  2 meliai zombies
  2 shadows
  14 spriggans (Lair:6)
  A vampire (D:9)
  4 wyverns
  5 wraiths
  4 fire bats (D:8)
  4 steam dragons
  4 basilisks
  53 yaks
  4 hogs
  A human (D:12)
  5 vampire mosquitoes
  Menkaure (D:5)
  6 wargs
  An acid dragon (D:9)
  2 nagas (Lair:2)
  15 water moccasins
  A hell hound (D:8)
  A swamp drake (D:10)
  Duvessa (D:5)
  2 sky beasts
  24 orc warriors
  4 boggarts (Lair:6)
  10 black bears
  34 wolves
  5 ogres
  A phantom (D:5)
  12 centaurs
  4 lemures (D:4)
  3 kobold brigands (D:10)
  16 bullfrogs
  A wyvern skeleton (D:7)
  A water moccasin skeleton (D:5)
  Dowan (D:5)
  A howler monkey (D:7)
  A crimson imp (D:10)
  3 centaur zombies
  2 lava snakes (D:8)
  3 hounds
  14 orc priests
  A gnoll shaman (D:6)
  An iron imp (D:10)
  2 jellies (D:8)
  Crazy Yiuf (D:5)
  A bullfrog skeleton (D:4)
  A scorpion zombie (D:5)
  3 iguanas
  21 orc wizards
  A hound skeleton (D:5)
  A howler monkey zombie (D:9)
  4 gnolls (D:6)
  4 adders
  A shadow imp (D:5)
  A white imp (D:10)
  3 dart slugs
  78 orcs
  13 ball pythons
  7 endoplasms
  9 goblins
  6 hobgoblins
  7 jackals
  4 quokkas
  5 bats
  5 frilled lizards
  9 kobolds
  9 rats
  3 fire vortices (D:8)
  2 fulminant prisms
630 creatures vanquished.

Vanquished Creatures (collateral kills)
  An ogre (D:4)
1 creature vanquished.

Vanquished Creatures (others)
  An orc wizard (Orc:1)
  A shadow imp (D:10)
  3 bushes (Lair:4)
  118 fulminant prisms
  133 fungi
  147 plants
403 creatures vanquished.

Grand Total: 1034 creatures vanquished

Notes
Turn   | Place    | Note
-------+----------+-------------------------------------------
     0 | D:1      | iwittbrodt the Draconian Conjurer began the quest for the
                  | Orb.
     0 | D:1      | Reached XP level 1. HP: 14/14 MP: 3/3
   310 | D:1      | Reached XP level 2. HP: 16/22 MP: 1/5
   423 | D:1      | Learned a level 2 spell: Searing Ray
   702 | D:1      | Reached skill level 1 in Fighting
  1655 | D:2      | Reached XP level 3. HP: 28/28 MP: 3/6
  2842 | D:3      | Reached XP level 4. HP: 32/37 MP: 1/7
  2928 | D:3      | Learned a level 4 spell: Fulminant Prism
  3987 | D:4      | Found Pintekk's Distillery.
  3990 | D:4      | Bought 2 potions of curing for 60 gold pieces
  4001 | D:4      | Noticed an ogre
  4012 | D:4      | Killed an ogre
  4013 | D:4      | Reached XP level 5. HP: 45/45 MP: 7/9
  4145 | D:4      | Noticed a lemure
  4145 | D:4      | Noticed a lemure
  4146 | D:4      | Noticed a lemure
  4605 | D:4      | Reached skill level 1 in Hexes
  4652 | D:4      | Noticed a water moccasin
  4663 | D:4      | Killed a water moccasin
  4664 | D:4      | Reached skill level 5 in Conjurations
  4664 | D:4      | Reached XP level 6. HP: 23/52 MP: 0/10
  5040 | D:4      | Learned a level 4 spell: Iskenderun's Mystic Blast
  5327 | D:5      | Entered Level 5 of the Dungeon
  5346 | D:5      | Found a staircase to the Ecumenical Temple.
  5353 | Temple   | Entered the Ecumenical Temple
  5740 | Temple   | Became a worshipper of Vehumet
  5875 | D:5      | Noticed Duvessa
  6207 | D:4      | Reached skill level 5 in Fighting
  6207 | D:4      | Your scales start taking on a dull iron-grey colour.
  6207 | D:4      | Reached XP level 7. HP: 61/61 MP: 4/12
  6332 | D:4      | Noticed Pikel
  7631 | D:5      | Noticed Menkaure
  7809 | D:5      | Found a snail-covered altar of Cheibriados.
  7892 | D:5      | Noticed Dowan
  7903 | D:5      | Killed Dowan
  8034 | D:5      | Killed Duvessa
  8170 | D:5      | Reached XP level 8. HP: 71/71 MP: 14/14
  8306 | D:5      | Found a shadowy altar of Dithmenos.
  8375 | D:5      | Killed Menkaure
  8732 | D:5      | Found a white marble altar of Elyvilon.
  8732 | D:5      | Found a glowing golden altar of the Shining One.
  8737 | D:5      | Found a shimmering altar of Xom.
  8824 | D:5      | Found a runed translucent door.
  8825 | D:5      | Noticed Crazy Yiuf
  8965 | D:5      | Killed Crazy Yiuf
  9323 | D:6      | Found a hide-covered altar of Uskayaw.
  9330 | D:6      | Reached skill level 1 in Translocations
  9418 | D:6      | Noticed a +0 dagger
  9418 | D:6      | Noticed a +0 dagger
  9520 | D:6      | Reached skill level 5 in Spellcasting
  9689 | D:6      | Found a blossoming altar of Fedhas.
  9691 | D:6      | Noticed Prince Ribbit
 10065 | D:6      | Reached XP level 9. HP: 79/79 MP: 17/17
 10119 | D:6      | Identified the +1 ring mail of the Foremost Runes {*Corrode
                  | Drain Dex+4 Stlth+}
 10133 | D:6      | Reached * piety under Vehumet
 10133 | D:6      | Offered knowledge of Freeze by Vehumet.
 10139 | D:6      | Learned a level 1 spell: Freeze
 10232 | D:6      | Killed Prince Ribbit
 11386 | D:7      | Found Upastrets's Serpentskin Sales.
 12475 | D:8      | Reached skill level 5 in Translocations
 12581 | D:8      | Reached XP level 10. HP: 86/91 MP: 20/20
 12652 | D:8      | Offered knowledge of Static Discharge by Vehumet.
 12722 | D:8      | Reached ** piety under Vehumet
 13122 | D:8      | Got the Guide on Fire and Lightness
 13346 | D:8      | Learned a level 5 spell: Fireball
 13476 | D:9      | Reached skill level 1 in Fire Magic
 13485 | D:9      | Reached skill level 10 in Fighting
 13688 | D:9      | Noticed a two-headed ogre
 13731 | D:9      | Noticed a two-headed ogre
 13979 | D:9      | Killed a two-headed ogre
 13980 | D:9      | Reached skill level 1 in Evocations
 14466 | D:10     | Entered Level 10 of the Dungeon
 14489 | D:10     | Identified the +5 executioner's axe "Ahadaq" {holy, Dex+2}
 14508 | D:10     | Noticed a gargoyle
 14540 | D:10     | Noticed an orange demon
 14577 | D:9      | Killed a two-headed ogre
 14931 | D:9      | Found a stormy altar of Qazlal.
 15047 | D:10     | Reached XP level 11. HP: 99/99 MP: 22/22
 15137 | D:10     | Noticed a sixfirhy
 15141 | D:10     | Reached skill level 5 in Fire Magic
 15521 | D:10     | Noticed a two-headed ogre
 15525 | D:10     | Killed a two-headed ogre
 15631 | D:10     | Found a hazy altar of Hepliaklqana.
 15661 | D:10     | Found a burning altar of Makhleb.
 15779 | D:10     | Found an ancient bone altar of Kikubaaqudgha.
 15928 | D:10     | Offered knowledge of Inner Flame by Vehumet.
 15953 | D:10     | Noticed a deep elf zephyrmancer
 15955 | D:10     | Noticed a deep elf pyromancer
 15956 | D:10     | Reached *** piety under Vehumet
 15960 | D:10     | Killed a deep elf pyromancer
 15961 | D:10     | Reached skill level 1 in Shields
 15962 | D:10     | Killed a deep elf zephyrmancer
 16097 | D:10     | Identified the +2 hat "Aleimih" {Str+4}
 17184 | D:11     | Reached skill level 10 in Conjurations
 17241 | D:11     | Learned a level 3 spell: Mephitic Cloud
 17304 | D:11     | Found a staircase to the Lair.
 17409 | D:11     | Noticed a two-headed ogre
 17414 | D:11     | Killed a two-headed ogre
 17545 | D:11     | Offered knowledge of Olgreb's Toxic Radiance by Vehumet.
 17741 | D:11     | Reached XP level 12. HP: 106/106 MP: 24/24
 18139 | D:12     | Reached **** piety under Vehumet
 18621 | D:12     | Found a staircase to the Orcish Mines.
 18697 | D:12     | Learned a level 4 spell: Olgreb's Toxic Radiance
 19469 | D:12     | Reached skill level 1 in Poison Magic
 19804 | D:7      | Bought a ring of poison resistance for 320 gold pieces
 19910 | Lair:1   | Entered Level 1 of the Lair of Beasts
 19910 | Lair:1   | Noticed a four-headed hydra
 19915 | Lair:1   | Killed a four-headed hydra
 20171 | Lair:1   | Offered knowledge of Hailstorm by Vehumet.
 20333 | Lair:1   | Learned a level 4 spell: Hailstorm
 20392 | Lair:1   | Noticed a catoblepas
 20422 | Lair:1   | Killed a catoblepas
 20487 | Lair:1   | Noticed a five-headed hydra
 20499 | Lair:1   | Killed a five-headed hydra
 20663 | Lair:1   | Reached skill level 5 in Shields
 21512 | Lair:2   | Reached XP level 13. HP: 114/114 MP: 14/26
 21714 | Lair:2   | Found a runed translucent gate.
 21714 | Lair:2   | Found a runed translucent gate.
 21714 | Lair:2   | Found a runed translucent gate.
 21715 | Lair:2   | Noticed Lutefisk's ghost (novice GrEE)
 21763 | Lair:2   | Found a staircase to the Snake Pit.
 22842 | Lair:2   | Killed Lutefisk's ghost
 23866 | Lair:3   | Reached skill level 10 in Spellcasting
 24641 | Lair:3   | Reached ***** piety under Vehumet
 24641 | Lair:3   | Offered knowledge of Bolt of Magma by Vehumet.
 24709 | Lair:3   | Noticed Nergalle
 24725 | Lair:3   | Killed Nergalle
 25019 | Lair:3   | Reached skill level 5 in Poison Magic
 25035 | Lair:3   | Learned a level 5 spell: Bolt of Magma
 25570 | Lair:4   | Reached skill level 1 in Earth Magic
 26531 | Lair:4   | Reached XP level 14. HP: 125/125 MP: 26/28
 27801 | Lair:4   | Found a staircase to the Shoals.
 28397 | Lair:5   | Identified a scroll of acquirement
 28399 | Lair:5   | Acquired a +2 pair of boots of flying
 29099 | Lair:5   | Identified the ring "Zacu Wuw" {rElec rF+ rCorr Str+3
                  | Dex-4}
 29907 | Lair:6   | Entered Level 6 of the Lair of Beasts
 30685 | Lair:6   | Reached skill level 5 in Earth Magic
 31544 | Lair:6   | Offered knowledge of Iskenderun's Battlesphere by Vehumet.
 32061 | Lair:6   | Found a staircase to the Slime Pits.
 32373 | Lair:6   | Reached XP level 15. HP: 134/134 MP: 30/30
 33330 | Lair:6   | Reached skill level 10 in Shields
 33343 | Lair:6   | Identified the +1 robe of the Invisible Hand {Str+3}
 33677 | D:13     | Noticed Kirke
 33805 | Orc:1    | Entered Level 1 of the Orcish Mines
 34930 | Orc:2    | Entered Level 2 of the Orcish Mines
 34935 | Orc:2    | Noticed Urug
 34940 | Orc:2    | Killed Urug
 35475 | Orc:2    | Offered knowledge of Spellforged Servitor by Vehumet.
 35631 | Orc:2    | Noticed Saint Roka
 35846 | Orc:2    | HP: 1/135 [Saint Roka (29)]
 35847 | Orc:2    | Killed from afar by Saint Roka

Illustrated notes

Levels and vault maps discovered:
D:1:      lemuel_arrival_rhombus, layout_basic
D:2:      layout_basic
D:3:      layout_loops_corners
D:4:      layout_cave_pods, serial_shops, nicolae_stop_n_shop_2, uniq_pikel
D:5:      layout_loops_cross, nicolae_dithmenos_the_darkroom,
          nicolae_overflow_crystal_walls, minitemple, temple_green,
          uniq_duvessa, uniq_menkaure, uniq_crazy_yiuf_cottage
D:6:      layout_cave_pools, lemuel_tele_altar, dancing_weapons_uskayaw,
          uniq_prince_ribbit1
D:7:      layout_loops_cross, guppyfry_shop_venom
D:8:      layout_rooms, hangedman_incinerator
D:9:      layout_roguey, mainiacjoe_overflow_boulevard
D:10:     layout_big_octagon, nzn_hepliaklqana_mist_gate,
          kiku_gazebo_pond_becter, amcnicky_altar_gilded,
          kennysheep_big_empty_room, hangedman_minor_magic
D:11:     layout_cave_pools, due_lair_maze_entry_diamond
D:12:     layout_basic, erik_orc_4, chequers_hall_statues_corner_a
D:13:     minmay_the_grid_3x3 [minmay_the_grid_tri_star,
          minmay_the_grid_minigrid_large, minmay_the_grid_minigrid_small_alt,
          minmay_the_grid_pillar_ring, minmay_the_grid_gridbox,
          minmay_the_grid_spikes, minmay_the_grid_rooms, minmay_the_grid_paths,
          minmay_the_grid_prize_four_corners], layout_gridville, serial_bayou,
          serial_bayou_pond_c, serial_bayou_shore_b, serial_bayou_pond_c,
          serial_bayou_pond_c, serial_bayou_shore_b, uniq_kirke
Temple:   minmay_temple_curvy_loop
Lair:1:   layout_long_grid, beast_lair_carwin_10
Lair:2:   layout_regular_city, guppyfry_snake_entry_island,
          ebering_ghost_rock_garden
Lair:3:   nzn_winding_woodlands_three_and_one [nzn_winding_woodlands_5x15_pool,
          nzn_winding_woodlands_5x15_crooked, nzn_winding_woodlands_5x15_eye,
          nzn_winding_woodlands_center_lodge], layout_cave_pods, uniq_nergalle
Lair:4:   layout_gridlike, minmay_shoals_entry_lonely_mermaid,
          cheibrodos_lair_lostbears
Lair:5:   layout_regular_city, grunt_forest_stairs_basic
Lair:6:   minmay_lair_end_enchanted_forest, layout_regular_city, slime_dummy,
          st_stairs_9, grunt_megastairs_5, serial_bayou_shore_b
Orc:1:    layout_caves
Orc:2:    pf_orc_diabolical, layout_diamond_mine, basic_altar, serial_shops,
          shop, library_closet, uniq_saint_roka, uniq_urug

Skill      XL: |  1  2  3  4  5  6  7  8  9 10 11 12 13 14 15 |
---------------+----------------------------------------------+-----
Fighting       | 1 2 3 4 5 6 7 9 10 11 12 13 | 13.0
Stealth        | 2 |  2.4
Hexes          | 1 2 3 4 |  4.0
Spellcasting   | 3 4 5 6 7 8 9 10 11 | 11.5
Conjurations   | 5 7 8 10 12 13 | 13.2
Translocations | 3 5 |  5.0
Fire Magic     | 4 6 7 8 9 |  9.8
Evocations     | 2 4 |  4.0
Dodging        | 2 |  2.6
Shields        | 4 5 7 9 10 | 10.3
Poison Magic   | 3 5 |  5.0
Earth Magic    | 2 5 |  5.0

Action                   |  1- 3 |  4- 6 |  7- 9 | 10-12 | 13-15 || total
-------------------------+-------+-------+-------+-------+-------++-------
Melee: Unarmed           |    19 |       |       |       |       ||    19
       Tailslap          |     4 |     2 |       |     2 |    10 ||    18
       Spear             |     1 |     1 |       |       |       ||     2
       Trident           |       |    15 |       |       |       ||    15
       Rapier            |       |       |     1 |       |       ||     1
       Dagger            |       |       |     1 |     9 |    78 ||    88
 Cast: Magic Dart        |    77 |    66 |    66 |    93 |     8 ||   310
       Searing Ray       |     3 |    13 |    66 |    97 |    66 ||   245
       Fulminant Prism   |       |       |     4 |    70 |    47 ||   121
       Iskenderun's Myst |       |       |     1 |     5 |    44 ||    50
       Fireball          |       |       |       |    42 |    55 ||    97
       Hailstorm         |       |       |       |     2 |     6 ||     8
       Bolt of Magma     |       |       |       |       |   233 ||   233
       Olgreb's Toxic Ra |       |       |       |       |    28 ||    28
       Mephitic Cloud    |       |       |       |       |     3 ||     3
Evoke: Wand              |       |       |       |     1 |       ||     1
  Use: Scroll            |       |     3 |    10 |    10 |    10 ||    33
       Potion            |       |     1 |     1 |     1 |     2 ||     5
Armor: Skin              |    11 |    14 |    69 |   119 |   239 ||   452
Dodge: Dodged            |    33 |    14 |    84 |   101 |   177 ||   409
Block: Buckler           |       |       |       |    24 |     1 ||    25
       Kite shield       |       |       |       |       |   211 ||   211
